 Dungeon Crawl Stone Soup version 0.30-a0-711-gf4ac18a38d (webtiles) character file.

Game seed: 3966680333303502838

6802 drugrobin the Brawler (level 10, -1/74 HPs)
             Began as a Demigod Delver on Jan 22, 2023.
             Succumbed to a gnoll sergeant's poison
             ... on level 9 of the Dungeon.
             The game lasted 00:35:21 (11572 turns).

drugrobin the Brawler (Demigod Delver)             Turns: 11572, Time: 00:35:21

Health: -1/74      AC:  7    Str: 21    XL:     10   Next: 48%
Magic:  9/13       EV: 12    Int: 12    God:
Gold:   779        SH:  6    Dex: 19    Spells: 4/9 levels left

rFire   . . .      SeeInvis .      - Unarmed
rCold   . . .      Faith    .    a - +2 buckler
rNeg    . . .      Spirit   .    J - +0 steam dragon scales
rPois   .          Reflect  .    y - +0 helmet
rElec   .          Harm     .    (no cloak)
rCorr   .          Rampage  .    (no gloves)
Will    +....                    h - +0 pair of boots {Fly}
Stlth   +++                      k - amulet of the acrobat
HPRegen 0.32/turn                (no ring)
MPRegen 0.13/turn                (no ring)

@: lethally poisoned (-1 -> -54), flying
A: high MP 1, forlorn, divine attributes
a: no special abilities


You were on level 9 of the Dungeon.
You visited 1 branch of the dungeon, and saw 9 of its levels.
You also visited: Bailey.

You collected 1382 gold pieces.
You spent 603 gold pieces at shops.

Inventory:

Hand Weapons
 b - a +9 sling
 c - a +3 dagger of venom
 d - the +3 short sword "Acarinebane" {freeze, Will+ rCorr MP+9}
   (You took it off a spriggan in a bailey)

   MP:        It affects your magic capacity (+9).
   rCorr:     It protects you from acid and corrosion.
   Will:      It increases your willpower.
Missiles
 t - 13 poisoned darts
 x - 5 silver javelins
 A - 8 boomerangs (quivered)
 E - 4 curare-tipped darts
 H - 5 throwing nets
 I - 2 datura-tipped darts
Armour
 a - a +2 buckler (worn)
 h - a +0 pair of boots of flying (worn)
 y - a +0 helmet (worn)
 J - +0 steam dragon scales (worn)
Magical Staves
 i - a staff of fire
 r - a staff of death
 P - a staff of air
Jewellery
 k - an amulet of the acrobat (around neck)
Wands
 f - a wand of digging (4)
 D - a wand of flame (3)
 O - a wand of roots (3)
Scrolls
 e - a scroll of butterflies {unknown}
 j - 3 scrolls of noise {unknown}
 l - 6 scrolls of teleportation
 p - a scroll of poison {unknown}
 s - a scroll of fog
 u - 3 scrolls of torment {unknown}
 w - a scroll of enchant armour {unknown}
 G - 2 scrolls of immolation {unknown}
 L - 2 scrolls of fear
 M - 2 scrolls of blinking {unknown}
 N - a scroll of vulnerability {unknown}
Potions
 g - a potion of magic {unknown}
 m - 2 potions of attraction {unknown}
 n - 4 potions of lignification
 o - 4 potions of curing
 q - 3 potions of flight
 v - a potion of resistance {unknown}
 B - 4 potions of cancellation
 C - 2 potions of degeneration {unknown}
 F - 3 potions of might
 K - a potion of berserk rage {unknown}


   Skills:
 + Level 2.7 Fighting
 + Level 1.9 Dodging
 - Level 4.5 Stealth
 * Level 15.0 Unarmed Combat


You had 4 spell levels left.
You knew the following spells:

 Your Spells              Type           Power      Damage    Failure   Level
a - Sandblast             Erth           0%         2d4       41%         1
b - Blink                 Tloc           0%         N/A       56%         2
c - Searing Ray           Conj           0%         2d4       56%         2

Your spell library contained the following spells:

 Spells                   Type           Power      Damage    Failure   Level
 Magic Dart               Conj           0%         1d3       41%         1
 Lesser Beckoning         Tloc           0%         N/A       56%         2
 Momentum Strike          Conj/Tloc      0%         3d8       56%         2
 Passwall                 Tmut/Erth      0%         N/A       56%         2
 Gell's Gravitas          Tloc           0%         N/A       80%         3
 Stone Arrow              Conj/Erth      0%         3d7       80%         3
 Summon Guardian Golem    Hex/Summ       0%         N/A       80%         3
 Teleport Other           Tloc           0%         N/A       80%         3
 Fulminant Prism          Conj/Hex       0%         3d5       99%         4
 Orb of Destruction       Conj           0%         9d5       100%        7
 Spellforged Servitor     Conj/Summ      0%         N/A       100%        7


Dungeon Overview and Level Annotations

Branches:
Dungeon (9/15)             Temple (0/1) D:7            Lair (0/5) D:8
 Bailey (visited)
    Orc: D:9-12

Shops:
D:4 (   D:6 *

Portals:
Abyss: D:8

Annotations:
D:8 2 transporters, yumyumyeen's ghost, novice MiHu
D:9 1 transporter, Erica


Innate Abilities, Weirdness & Mutations

You have an increased reservoir of magic. (+10% MP)
You shall have no god before yourself.
Your divine heritage dramatically boosts your attributes as you level up.


Message History

The gnoll is severely wounded.
You finish channelling your searing ray.
The gnoll sergeant misses you.
Unknown command.
You are now empty-handed.
The gnoll sergeant hits you with a +2 spear of venom!
You are poisoned.
Things that are here:
a +0 club; a gnoll corpse You closely miss the gnoll sergeant.
The gnoll sergeant is heavily wounded.
You feel very sick. The gnoll hits you but does no damage.
The gnoll sergeant hits you with a +2 spear of venom!
You are more poisoned.
The gnoll sergeant blocks your attack.
The gnoll sergeant is heavily wounded.
You feel very sick. The gnoll closely misses you.
The gnoll sergeant hits you with a +2 spear of venom!
You are more poisoned.
You barely miss the gnoll sergeant.
The gnoll sergeant is heavily wounded.
You feel very sick. The gnoll hits you but does no damage.
The gnoll sergeant hits you with a +2 spear of venom.
You are lethally poisoned!
You hit the gnoll sergeant.
The gnoll sergeant is severely wounded.
You feel extremely sick. The gnoll hits you with a +0 flail.
* * * LOW HITPOINT WARNING * * *
The gnoll sergeant hits you with a +2 spear of venom!
* * * LOW HITPOINT WARNING * * *
You are more poisoned.
Unknown command.
As you read the scroll of fear, it crumbles to dust.
You assume a fearsome visage.
The gnoll sergeant looks frightened!
The gnoll looks frightened!
You die...

#...# #...# #g..#######
########..[.......
..................
.........######### ..
.........#############<.
.........g.....^........
.........g@....)........
...........<............
#####..######..........
#..# #.......... #..#
#..........
#..######..........
#######..................
.?.......................
.......).................


You could see a gnoll sergeant (fleeing) and a gnoll (fleeing).

Vanquished Creatures
  A two-headed ogre (Bailey)
  The ghost of bronco the Trooper, a novice OpTm (D:5)
  3 spriggans (Bailey)
  A yak (D:8)
  5 steam dragons
  6 water moccasins
  3 ice beasts
  3 sky beasts
  2 orc warriors
  5 black bears
  4 ogres (Bailey)
  A kobold brigand (D:7)
  2 gnoll sergeants
  7 bullfrogs
  3 necrophages
  3 scorpions
  8 wights
  A howler monkey (D:7)
  4 hounds
  A jelly (D:4)
  2 orc priests
  An iguana (D:6)
  10 orc wizards
  Terence (D:2)
  Robin (D:2)
  11 adders
  18 gnolls
  4 shadow imps
  2 white imps
  An ufetubus (D:5)
  2 worms
  3 dart slugs
  25 orcs
  9 ball pythons
  8 endoplasms
  4 giant cockroaches
  12 goblins
  9 hobgoblins
  6 jackals (D:1)
  12 kobolds
  2 quokkas
  4 bats
  2 frilled lizards
  3 rats
216 creatures vanquished.

Vanquished Creatures (others)
  24 fungi (D:8)
  39 plants
63 creatures vanquished.

Grand Total: 279 creatures vanquished

Notes
Turn   | Place    | Note
-------+----------+-------------------------------------------
     0 | D:5      | drugrobin the Demigod Delver began the quest for the Orb.
     0 | D:5      | Reached XP level 1. HP: 18/18 MP: 3/3
    48 | D:5      | Noticed a hound
    68 | D:5      | Noticed a hound
    78 | D:5      | Found a runed translucent door.
   114 | D:4      | Reached skill level 2 in Unarmed Combat
   192 | D:4      | Noticed a jelly
   510 | D:1      | Reached XP level 2. HP: 24/25 MP: 4/4
   512 | D:1      | Learned a level 1 spell: Sandblast
   611 | D:1      | Reached skill level 3 in Unarmed Combat
   869 | D:1      | Reached XP level 3. HP: 26/30 MP: 3/5
  1702 | D:2      | Noticed Terence
  1867 | D:2      | Noticed Robin
  1880 | D:2      | Killed Robin
  1910 | D:2      | Reached skill level 4 in Unarmed Combat
  2101 | D:2      | Reached XP level 4. HP: 23/37 MP: 3/6
  3350 | D:4      | Reached skill level 5 in Unarmed Combat
  3350 | D:4      | Reached XP level 5. HP: 34/42 MP: 5/7
  3376 | D:4      | Learned a level 2 spell: Blink
  3400 | D:4      | Noticed an orc warrior
  3741 | D:4      | Killed an orc warrior
  3742 | D:4      | Reached skill level 6 in Unarmed Combat
  3742 | D:4      | Reached XP level 6. HP: 19/50 MP: 6/8
  4074 | D:4      | Found Oggeap's Weapon Emporium.
  4407 | D:5      | Reached skill level 7 in Unarmed Combat
  4451 | D:5      | Reached XP level 7. HP: 41/56 MP: 9/9
  4524 | D:5      | Noticed bronco's ghost (novice OpTm)
  4827 | D:5      | Reached skill level 8 in Unarmed Combat
  4998 | D:5      | Learned a level 2 spell: Searing Ray
  5554 | D:6      | Reached skill level 9 in Unarmed Combat
  5848 | D:6      | Reached XP level 8. HP: 60/62 MP: 5/10
  6221 | D:6      | Found Boraul's Assorted Antiques.
  6229 | D:6      | Reached skill level 10 in Unarmed Combat
  6434 | D:6      | Bought a fuming pink potion for 30 gold pieces
  6434 | D:6      | Bought a scroll labelled LIOGIO GUFUANA for 34 gold pieces
  7260 | D:2      | Killed Terence
  7397 | D:5      | Killed bronco's ghost
  7398 | D:5      | Reached skill level 11 in Unarmed Combat
  7499 | D:7      | Reached XP level 9. HP: 55/68 MP: 6/11
  7738 | D:7      | Reached skill level 12 in Unarmed Combat
  7816 | D:7      | Found a flagged portal.
  7904 | Bailey   | Entered a bailey
  8320 | Bailey   | Noticed a two-headed ogre
  8338 | Bailey   | Killed a two-headed ogre
  8339 | Bailey   | Reached skill level 13 in Unarmed Combat
  8504 | Bailey   | Identified the +3 short sword "Acarinebane" {freeze, Will+
                  | rCorr MP+9}
  8888 | Bailey   | Identified a scroll of acquirement
  8888 | Bailey   | Acquired 736 gold pieces
  9059 | D:4      | Bought a +7 sling for 539 gold pieces
  9235 | D:6      | Reached XP level 10. HP: 19/74 MP: 11/13
  9629 | D:7      | Found a staircase to the Ecumenical Temple.
  9834 | D:8      | Reached skill level 14 in Unarmed Combat
 10079 | D:8      | Found a staircase to the Lair.
 10228 | D:8      | Found a transporter.
 10714 | D:8      | Found a one-way gate to the infinite horrors of the Abyss.
 10714 | D:8      | Noticed yumyumyeen's ghost (novice MiHu)
 10964 | D:8      | Found a transporter.
 11281 | D:8      | Reached skill level 15 in Unarmed Combat
 11513 | D:9      | Found a transporter.
 11514 | D:9      | Noticed Erica
 11515 | D:9      | Noticed a cyan ugly thing
 11529 | D:9      | Noticed a green ugly thing
 11572 | D:9      | Succumbed to a gnoll sergeant's poison

Illustrated notes

Levels and vault maps discovered:
D:1:      reono_arrival_mine, layout_basic,
          shapermc_ecumenical_altar_mp_vishouse, minivault_4,
          minmay_misc_feat_rows
D:2:      layout_loops_ring, kennysheep_potato, uniq_robin, uniq_terence
D:3:      layout_loops_ring, nicolae_overflow_hidden_temple
D:4:      layout_rooms, bloody_trog, mainiacjoe_overflow_large_starburst,
          serial_shops, nicolae_shop_bloodbath_and_beyond,
          guppyfry_early_orc_mine
D:5:      layout_basic, ebering_ghost_sewer_d
D:6:      minmay_flawed_box, layout_basic, serial_shops, shop,
          grunt_decor_one_mirror
D:7:      layout_basic, minmay_temple_entry_gardened_gates, enter_bailey_8,
          hangedman_misty_isle
D:8:      layout_loops_corners, due_lair_maze_entry_diamond,
          gammafunk_ghost_abyssal_escape
D:9:      gammafunk_corrupted_shrine, layout_long_grid,
          mainiacjoe_overflow_brackets, uniq_grum, uniq_erica, uniq_psyche

Skill      XL: |  1  2  3  4  5  6  7  8  9 10 |
---------------+-------------------------------+-----
Unarmed Combat | 2 3 4 5 6 7 9 11 13 15 | 15.0
Fighting       | |  2.7
Dodging        | |  1.9
Stealth        | |  4.5

Action                     |  1- 3 |  4- 6 |  7- 9 | 10-12 || total
---------------------------+-------+-------+-------+-------++-------
  Melee: Unarmed           |   142 |    40 |   254 |   113 ||   549
         Staff             |     3 |       |       |       ||     3
         Punch             |     5 |     4 |     9 |       ||    18
         Dagger            |       |   114 |    65 |       ||   179
   Fire: Sling             |       |       |    13 |    41 ||    54
  Throw: Dart              |     3 |     2 |     6 |       ||    11
         Boomerang         |       |    12 |    14 |     4 ||    30
         Javelin           |       |     1 |       |       ||     1
         Throwing net      |       |       |     1 |       ||     1
   Cast: Sandblast         |    31 |    26 |    13 |     2 ||    72
         Searing Ray       |       |       |    18 |     7 ||    25
  Evoke: Wand              |     1 |       |     4 |       ||     5
    Use: Scroll            |       |       |     8 |     6 ||    14
         Potion            |       |       |     1 |       ||     1
   Stab: Sleeping          |     4 |     3 |       |     1 ||     8
         Held in net/web   |       |       |     3 |       ||     3
 Armour: Leather armour    |    29 |    25 |    39 |       ||    93
         Steam dragon scal |       |       |    44 |    26 ||    70
  Dodge: Dodged            |    80 |    93 |   183 |    80 ||   436
  Block: Buckler           |       |       |    27 |    32 ||    59

Table legend: (Time is in decaauts)
 A = Elapsed time spent in this place.
 B = Non-inter-level travel time spent in this place.
 C = Inter-level travel time spent in this place.
 D = Time resting spent in this place.
 E = Time spent auto-exploring this place.
 F = Levels seen in this place.
 G = Mean time per level.
                   A        B        C        D        E       F      G
               +--------+--------+--------+--------+--------+-----+--------+
         Total |  11521 |  10835 |    686 |   2202 |   5729 |  10 | 1152.1 |
       Dungeon |  10501 |   9815 |    686 |   1533 |   5640 |   9 | 1166.8 |
        Bailey |   1019 |   1019 |      0 |    669 |     89 |   1 | 1019.0 |
               +--------+--------+--------+--------+--------+-----+--------+

Top non-repeatable levels by time:
     D:6: 2513 daAuts
     D:8: 1504 daAuts
     D:2: 1268 daAuts
     D:4: 1105 daAuts
     D:3: 1071 daAuts
     D:1: 1050 daAuts
  Bailey: 1019 daAuts
     D:5: 927 daAuts
     D:7: 906 daAuts
     D:9: 153 daAuts
